[Event "Late-Titled-Tuesday-Blitz-October-17-2023"]
[Site "Chess.com"]
[Date "2023.10.17"]
[Round "11"]
[White "rdarruda"]
[Black "azikom"]
[Result "1/2-1/2"]
[WhiteElo "2468"]
[BlackElo "2597"]
[TimeControl "180+1"]
[EndTime "16:02:06 PDT"]
[Termination "Game drawn by repetition"]

1. Nf3 c6 2. d4 d5 3. c4 Nf6 4. e3 e6 5. Nc3 Nbd7 6. Bd3 b6 7.
O-O Bb7 8. e4 dxe4 9. Nxe4 Nxe4 10. Bxe4 Nf6 11. Bc2 Be7 12. Bg5 h6 13. Bh4 c5 14.
Re1 cxd4 15. Nxd4 O-O 16. Qd2 Rc8 17. b3 Qc7 18. Rad1 Rfd8 19. Qe2 Re8 20. Bg3 Qc5 21. Nb5 a6 22. Nd6 Bxd6 23. Bxd6 Qg5 24. f3 e5 25. Qd2 Qxd2 26. Rxd2 e4 27. f4 Red8 28. Bb4 Rxd2 29. Bxd2 b5 30. Rc1 bxc4 31. bxc4 Rxc4 32. Bb3 Rxc1+ 33. Bxc1 Bd5 34. Bc2 Bxa2 35. Bb2 Bd5 36. h3 Nd7 37. Kf2 Nc5 38. Ke3 Nd3 39. Bc3 Bc6 40. g3 Nc5 41. Bb4 Ne6 42. Bxe4 Bxe4 43.
Kxe4 g6 44. Ke5 Ng7 45. g4 h5 46. Kf6 hxg4 47. hxg4 Ne8+ 48. Ke7 Nc7 49. Kd6 Nb5+ 50. Kc5 Kg7 51. Kb6 f6 52. Kxa6 Nd4 53. Kb6 Ne2 54. Bd2 Kf7 55. Kc5 f5 56. gxf5 gxf5 57. Kd5 Ng3 58. Ke5 Ne4 59. Be1 Kg6 60. Ke6 Nf6 61. Ke5 Ne4 62. Bb4 Ng3 63. Be1 Ne4 1/2-1/2

[Event "Late-Titled-Tuesday-Blitz-October-17-2023"]
[Site "Chess.com"]
[Date "2023.10.17"]
[Round "11"]
[White "Deeper44"]
[Black "FuenfgegenWilly"]
[Result "1-0"]
[WhiteElo "2614"]
[BlackElo "2402"]
[TimeControl "180+1"]
[EndTime "16:02:07 PDT"]
[Termination "Deeper44 won by resignation"]

1. d4 d5 2. c4 e5 3. dxe5 d4 4. Nf3 Nc6 5. a3 Nge7 6. b4 Ng6 7.
Bb2 Ngxe5 8. Nxe5 Nxe5 9. e3 c5 10. exd4 cxd4 11. Qxd4 Qxd4 12. Bxd4 Nc6 13. Bb2 Bg4 14. f3 Bf5 15. Be2 O-O-O 16. O-O Nd4 17. Bxd4 Rxd4 18. Nc3 Be7 19. Rad1 Rxd1 20. Rxd1 Be6 21.
Nd5 Bg5 22. f4 Bxd5 23. fxg5 Be6 24. Kf2 h6 25. gxh6 Rxh6 26. h3 Rh4 27. c5 a5 28.
Bg4 Bxg4 29. Rd4 axb4 30. axb4 f5 31. Kg3 g5 32. hxg4 Kc7 33. b5 f4+ 34. Kf3 Rh1 35. Rd5 Rf1+ 36. Ke4 Re1+ 37. Kf5 Rb1 38. b6+ Kc6 39. Re5 Rg1 40. Kxg5 Rxg2 41. Kxf4 Rg1 42. g5 Rf1+ 43. Kg4 Rg1+ 44. Kh5 Kb5 45. g6 Ka6 46. Rg5 Rh1+ 47. Kg4 Rg1+ 48. Kf4 Rf1+ 49. Ke5 Rf8 50.
g7 Rg8 51. Kf6 Kb5 52. Kf7 Rc8 53. g8=Q 1-0

[Event "Late-Titled-Tuesday-Blitz-October-17-2023"]
[Site "Chess.com"]
[Date "2023.10.17"]
[Round "11"]
[White "Levanzovsky"]
[Black "Tomytoteph"]
[Result "0-1"]
[WhiteElo "2445"]
[BlackElo "2572"]
[TimeControl "180+1"]
[EndTime "16:02:13 PDT"]
[Termination "Tomytoteph won on time"]

1. d4 Nf6 2. Nc3 e6 3. Bf4 c5 4.
e3 Nc6 5. Nf3 cxd4 6. exd4 Be7 7.
Bd3 O-O 8. O-O d6 9. Re1 a6 10. a3 b5 11. Ne4 Bb7 12. Nfg5 g6 13. c3 Nd5 14. Bd2 Nf6 15. Nxf6+ Bxf6 16. Ne4 Bg7 17. Bf4 e5 18. Bg5 f6 19. Bh4 Ne7 20. dxe5 dxe5 21.
Nc5 Bd5 22. Be4 Qd6 23. Bxd5+ Qxd5 24. Qxd5+ Nxd5 25. Ne6 Rfc8 26. Rad1 Nb6 27. Nxg7 Kxg7 28. Bxf6+ Kxf6 29. Rd6+ Kf5 30. Rxb6 Rd8 31. b3 Rd3 32. Rc6 Rad8 33. Rc5 R8d5 34. Rxd5 Rxd5 35. Kf1 Rd2 36. Rc1 Ra2 37. c4 bxc4 38. bxc4 Ke6 39. Rc3 Kd6 40. Rh3 Ke6 41. Rxh7 Rxa3 42. Ra7 Ra2 43. g3 e4 44. g4 Ke5 45. Rf7 a5 46. Ke1 a4 47. Kd1 a3 48. Kc1 Re2 49. Kb1 Kd4 50. Ra7 Rxf2 51. Rxa3 Rxh2 52. Kc1 Rg2 53. Ra4 Rg1+ 54. Kd2 e3+ 55.
Ke2 Rg2+ 56. Kf1 Rf2+ 57. Ke1 Rc2 58. c5+ Kd3 59. Ra3+ Ke4 60. c6 Rxc6 61. Ra4+ Kf3 62. Kd1 e2+ 63. Kd2 Rd6+ 0-1

[Event "Late-Titled-Tuesday-Blitz-October-17-2023"]
[Site "Chess.com"]
[Date "2023.10.17"]
[Round "11"]
[White "Noki102"]
[Black "nicholas_ilic"]
[Result "1-0"]
[WhiteElo "2443"]
[BlackElo "2356"]
[TimeControl "180+1"]
[EndTime "16:02:25 PDT"]
[Termination "Noki102 won on time"]

1. d4 Nf6 2. Nc3 d5 3. Bf4 e6 4. Nb5 Bd6 5. Nxd6+ cxd6 6. e3 Nc6 7. Nf3 O-O 8. Be2 h6 9. h3 Re8 10. O-O Qc7 11.
a4 Bd7 12. c3 Rac8 13. Bh2 a6 14. Ne1 Ne7 15. Nd3 Ng6 16. Nc5 Bc6 17. Bd3 Ne7 18.
a5 Qd8 19. Nb3 Ng6 20. f4 Ne4 21. g4 f5 22. Qf3 Nh4 23. Qe2 Rf8 24. Kh1 Qe7 25.
Rg1 e5 26. fxe5 dxe5 27. Bxe4 fxe4 28. Bxe5 Nf3 29. Rg3 Bb5 30. Qg2 Nxe5 31. dxe5 Qxe5 32. g5 h5 33. g6 Rf3 34. Rxf3 exf3 35. Qxf3 Bd3 36.
Nd2 Rf8 37. Qg2 Qxe3 38. Qxd5+ Kh8 39. Qxh5+ Qh6 40. Qxh6+ gxh6 41. Re1 Bxg6 42. Re7 Rf2 43. Nc4 Bd3 44. Ne5 Be4+ 45. Kg1 Re2 46. Kf1 Bd3 47. Ng6+ Bxg6 48. Rxe2 Bd3 49. Kf2 Bxe2 50. Kxe2 Kg7 51. Kf3 Kf6 52. Kf4 Ke6 53. Kg4 Kf6 54. Kh5 Kg7 55. h4 Kh7 56. b4 Kg7 57. c4 Kh7 58.
b5 Kg7 59. b6 Kf6 60. Kxh6 Kf7 61. h5 Kf6 62. Kh7 Kf7 63. h6 Kf8 64. Kg6 Kg8 65.
c5 Kh8 66. c6 bxc6 67. b7 1-0

[Event "Late-Titled-Tuesday-Blitz-October-17-2023"]
[Site "Chess.com"]
[Date "2023.10.17"]
[Round "11"]
[White "jcibarra"]
[Black "mishanick"]
[Result "0-1"]
[WhiteElo "2902"]
[BlackElo "3033"]
[TimeControl "180+1"]
[EndTime "16:02:45 PDT"]
[Termination "mishanick won on time"]

1. e4 c5 2. Nf3 e6 3. d3 Nc6 4. g3 Nf6 5. Bg2 Be7 6. O-O d6 7. c3 O-O 8. Qe2 e5 9. Rd1 Re8 10. d4 exd4 11. cxd4 Bf8 12. Nc3 cxd4 13. Nxd4 h6 14.
h3 d5 15. Be3 Nxd4 16. Bxd4 dxe4 17. Bxa7 Qa5 18. Bd4 Ra6 19. Qb5 Bf5 20. Qxb7 e3 21. Bxe3 Rxe3 22. fxe3 Rb6 23. Qc7 Qb4 24. a3 Qb3 25.
Nd5 Nxd5 26. Rxd5 Qxe3+ 27. Kh1 Be4 28. Qe5 Re6 29. Qd4 Bxd5 30. Qxd5 Qxg3 31. Rf1 Bd6 32.
Qa8+ Kh7 33. Be4+ Rg6 34. Bxg6+ fxg6 35. Qg2 Qd3 36. Rg1 Bc5 37. Rf1 Qb3 38. Rf3 Qd1+ 39. Rf1 Qb3 40. Rc1 Bd4 41. Rf1 Be5 42. Rg1 Qd3 43. a4 Bd4 44. Rf1 Qb3 45. Qf3 Qxa4 46. Re1 Qb5 47. Re2 Bf6 48. Kg2 Qg5+ 49. Qg4 Qd5+ 50.
Qf3 Qb5 51. Kh1 Bxb2 52. Qe4 Bf6 53. Kg2 Qg5+ 54. Qg4 Qd5+ 55. Qf3 Qd7 56. Qg4 Qb7+ 57. Qf3 Qa6 58. Qe4 h5 59. Re3 Qa2+ 60. Re2 Qb3 61.
Qf3 Qc4 62. Qe4 Qc5 63. Qf3 Be5 64. Qe4 Bc7 65. Kf3 Qc3+ 66. Re3 Qc1 67. Ke2 Qg1 68. Rf3 Qg2+ 69. Kd3 Bb6 70. Kc4 Bc7 71. Kd5 Bg3 72. Qd3 h4 73. Qe4 Qxh3 74. Rf7 Qh2 75. Qd4 Qg2+ 0-1

[Event "Late-Titled-Tuesday-Blitz-October-17-2023"]
[Site "Chess.com"]
[Date "2023.10.17"]
[Round "11"]
[White "Predator0608"]
[Black "Hirna2005"]
[Result "1-0"]
[WhiteElo "2502"]
[BlackElo "2338"]
[TimeControl "180+1"]
[EndTime "16:02:52 PDT"]
[Termination "Predator0608 won on time"]

1. e4 g6 2. d4 Bg7 3. Nc3 d6 4. f4 a6 5. Nf3 b5 6. Bd3 Bb7 7. e5 Nh6 8. Be4 Qc8 9. Qe2 O-O 10. O-O b4 11. Nd5 Bxd5 12. Bxd5 c6 13. Bb3 d5 14. c4 e6 15. Bd2 a5 16. a4 Nd7 17. c5 Qa6 18. Qd1 Rab8 19. Bc2 Nf5 20.
g4 Ne7 21. b3 f6 22. exf6 Bxf6 23. Qe1 Rf7 24. Qxe6 Nf8 25. Qe3 Kh8 26. Ne5 Rg7 27. g5 Bxe5 28. fxe5 Ne6 29. Rf6 Qc8 30. Raf1 Qd7 31.
Qf2 Re8 32. Be3 Ng8 33. Rf3 Qd8 34. h4 Qd7 35. Qh2 Qe7 36. Kh1 Rf8 37. Rxf8 Nxf8 38. Rf6 Nxf6 39. gxf6 Qf7 40. fxg7+ Kxg7 41. Qf4 Qe6 42.
Qf3 Qd7 43. Bg5 Ne6 44. Bf6+ Kg8 45. h5 Nxd4 46. Qg2 Nxc2 47. Qxc2 Qh3+ 48. Kg1 Qxh5 49. Qg2 Qd1+ 50. Kh2 Qh5+ 51. Kg3 Qf5 52. Qh3 Qd3+ 53. Kh4 Qe4+ 54. Qg4 Qh1+ 55. Kg5 Qc1+ 56. Qf4 Qg1+ 57.
Kh4 Qh1+ 58. Kg3 Qg1+ 59. Kh3 Qh1+ 60. Qh2 Qf3+ 61. Qg3 Qh1+ 62. Kg4 Qe4+ 63. Qf4 Qg2+ 64. Kh4 Qh1+ 65. Kg3 Qg1+ 66. Kf3 Qf1+ 67. Ke3 Qc1+ 68. Kf3 Qf1+ 69. Kg4 Qg2+ 70. Qg3 Qe4+ 71. Kh3 Qh1+ 72.
Qh2 Qf3+ 73. Kh4 Qh5+ 74. Kg3 Qf5 75. Qe2 Qe6 76. Qf3 h5 77. Qf4 1-0

[Event "Late-Titled-Tuesday-Blitz-October-17-2023"]
[Site "Chess.com"]
[Date "2023.10.17"]
[Round "11"]
[White "mind1mover"]
[Black "BardArtem"]
[Result "1-0"]
[WhiteElo "2893"]
[BlackElo "2764"]
[TimeControl "180+1"]
[EndTime "16:02:54 PDT"]
[Termination "mind1mover won by checkmate"]

1. Nf3 d5 2. b3 Nf6 3. Bb2 c6 4.
c4 Bf5 5. g3 e6 6. Bg2 h6 7. O-O Nbd7 8. d3 Be7 9. Nbd2 O-O 10. a3 a5 11. Ra2 Bh7 12. Qa1 Re8 13. Ne5 Nxe5 14. Bxe5 Bf8 15. Rc1 Nd7 16. Bc3 f6 17.
b4 axb4 18. axb4 Bd6 19. Qb2 Rxa2 20. Qxa2 Qe7 21. Qb2 Ra8 22. e4 d4 23. Bxd4 Bxb4 24. Rb1 e5 25. Be3 c5 26. Ra1 Qd8 27. Bh3 Nf8 28.
Rxa8 Qxa8 29. f4 Qa3 30. Qxa3 Bxa3 31. fxe5 fxe5 32. Nf3 Ng6 33. Bf5 b6 34. Bxg6 Bxg6 35. Nxe5 Be8 36. Kf2 Bb2 37. Nf3 g5 38. Ke2 Bh5 39. Kf2 Be8 40. h3 Bd7 41. g4 Ba4 42.
Ke2 Kf7 43. Kd2 Ke6 44. h4 gxh4 45. Nxh4 Bf6 46. Nf5 Kf7 47. Bxh6 Kg6 48. Bf4 Bc6 49.
e5 Bd8 50. Nd6 Bb7 51. g5 Bc6 52. Ke3 Be7 53. Ne4 Bd8 54. Nf6 Be7 55. Kd2 Bd8 56. Ke2 b5 57. cxb5 Bxb5 58. Ke3 c4 59. d4 c3 60. Ke4 c2 61. Bc1 Ba5 62. d5 Bb4 63. d6 Kf7 64. Kd5 Ba4 65. e6+ Kg6 66. d7 Be7 67.
Ke5 Bb5 68. Nd5 Bxg5 69. Bxg5 Kxg5 70. d8=Q+ Kg4 71. Qc7 Bc4 72. Ne3+ Kf3 73. Qxc4 c1=Q 74. Qxc1 Ke2 75. Qc7 Kd3 76. Qd7+ Ke2 77. Nd5 Kf3 78. Nf6 Ke2 79. Kd6 Kd3 80. Ke7+ Ke3 81. Qd6 Kf3 82. Kd7 Kg2 83. Ne8 Kh3 84. Nc7 Kg2 85.
e7 Kf3 86. Qe6 Kf4 87. Kd6 Kg5 88. Qf7 Kh4 89. Qg7 Kh3 90. e8=Q Kh4 91. Qeh8# 1-0

[Event "Late-Titled-Tuesday-Blitz-October-17-2023"]
[Site "Chess.com"]
[Date "2023.10.17"]
[Round "11"]
[White "BogdanDeac"]
[Black "AradNazari"]
[Result "1-0"]
[WhiteElo "2999"]
[BlackElo "2920"]
[TimeControl "180+1"]
[EndTime "16:03:12 PDT"]
[Termination "BogdanDeac won by checkmate"]

1. d4 Nf6 2. Nf3 d5 3. c4 e6 4.
e3 Nbd7 5. Nc3 dxc4 6. Bxc4 a6 7. a4 b6 8. e4 Bb7 9. e5 Ne4 10. O-O Bb4 11. Nxe4 Bxe4 12. Ng5 Bg6 13. Qg4 O-O 14. h4 Bf5 15. Qf4 h6 16. Ne4 Be7 17. Ng3 Bh7 18. Qg4 Kh8 19. Nh5 Rg8 20. Qf3 Qe8 21.
Qg3 c6 22. Be3 b5 23. Bb3 Nb6 24. axb5 axb5 25. Rxa8 Qxa8 26. Qf3 Qe8 27. Ra1 Bxh4 28. Ra7 Bg6 29. Nf4 Bf5 30. g4 Bh7 31. Ng2 Be7 32.
Nf4 Nd5 33. Nxd5 cxd5 34. Bd2 f6 35. Bf4 Rf8 36. Qg3 Rf7 37. exf6 Bxf6 38. Rxf7 Qxf7 39. Be5 Be4 40. Bd1 Bg5 41. f4 Bf6 42. Bxf6 Qxf6 43.
Qf2 b4 44. Be2 Qd8 45. Qg3 Qc7 46. Qe3 Qc2 47. b3 Qc3 48. Kf2 Bc2 49. Qxc3 bxc3 50.
b4 Ba4 51. Ke3 g6 52. b5 c2 53. Kd2 Kg7 54. b6 Bc6 55. Kxc2 Kf6 56. Kd2 Ke7 57. Ba6 Kd6 58. Ke3 g5 59. f5 exf5 60.
gxf5 Be8 61. f6 Bf7 62. b7 Kc7 63. Kf3 Be6 64. Kg3 h5 65. Bb5 h4+ 66. Kf2 Bf7 67. Bc6 g4 68. Kg2 Kb8 69. Kf2 Kc7 70. Kg2 Kb8 71. Bd7 Kxb7 72. Bxg4 Kc6 73. Kh3 Kd6 74. Kxh4 Bg8 75. Kg5 Kc6 76. Bh5 Kb5 77. Kf5 Kc4 78. Ke5 Kd3 79. f7 Bxf7 80. Bxf7 Kc4 81. Bxd5+ Kb5 82. Be4 Kb6 83. d5 Kc7 84. d6+ Kd8 85. Bd5 Kc8 86. Bc4 Kd8 87. Ke6 Kc8 88. Ke7 Kb7 89. Be6 Ka7 90. d7 Kb6 91. d8=Q+ Ka7 92. Qd6 Kb7 93. Bd5+ Ka7 94. Qc7+ Ka6 95. Bc4# 1-0

[Event "Late-Titled-Tuesday-Blitz-October-17-2023"]
[Site "Chess.com"]
[Date "2023.10.17"]
[Round "11"]
[White "jaskol95"]
[Black "Rodalquilar"]
[Result "0-1"]
[WhiteElo "2579"]
[BlackElo "2767"]
[TimeControl "180+1"]
[EndTime "16:03:20 PDT"]
[Termination "Rodalquilar won by checkmate"]

1. e4 d5 2. exd5 Qxd5 3. Nc3 Qa5 4. Nf3 Nf6 5. Bc4 Nc6 6. h3 Bf5 7. d3 Ne5 8. Nxe5 Qxe5+ 9. Qe2 Qxe2+ 10. Kxe2 e6 11. Nb5 Kd7 12. Bf4 a6 13. Nd4 Bg6 14. Nf3 Bd6 15. Ne5+ Ke7 16. Nxg6+ hxg6 17. Bd2 Rh5 18.
Rhe1 Rf5 19. a4 Bf4 20. Bb4+ c5 21. Ba3 Bd6 22. Kf1 g5 23. f3 g4 24. hxg4 Nxg4 25. Ke2 Ne5 26. Bb3 Rh8 27. Rh1 Rc8 28. Rad1 Ng6 29.
Kf2 b5 30. axb5 axb5 31. g4 Rf4 32. Rh7 b4 33. Rxg7 bxa3 34. bxa3 Ne5 35. Re1 Rxf3+ 36. Kg2 Rf4 37. g5 c4 38. dxc4 Nxc4 39. g6 Rg4+ 40. Kf3 Rxg6 41. Rh7 Rf6+ 42. Ke4 Nd2+ 43. Kd3 Nxb3 44.
cxb3 Rf3+ 45. Ke4 Rxb3 46. Kd4 Rxa3 47. Rf1 Bc5+ 48. Kc4 Ra4+ 49. Kd3 Bd6 50. Rfxf7+ Ke8 51. Rb7 Ra3+ 52. Kd4 Ra4+ 53. Kd3 Bf8 54. Rbd7 Rd8 55. Rxd8+ Kxd8 56. Ke3 Ke8 57. Kd3 Rf4 58. Ke3 Rf7 59. Rh5 Ke7 60. Ke4 Bg7 61. Rh3 Bf6 62. Ra3 Rg7 63.
Ra7+ Kf8 64. Ra8+ Kf7 65. Kf4 Be7 66. Ke5 Rg5+ 67. Kf4 Rb5 68. Ra7 Kf6 69. Kg4 Rb4+ 70.
Kh5 e5 71. Rc7 e4 72. Kg4 Bd6 73. Rc8 Ke5 74. Re8+ Kd4 75. Rd8 Rb6 76. Kh3 Ke3 77. Kg2 Bf4 78. Rd1 Rb2+ 79. Kh3 Rh2+ 80. Kg4 Rg2+ 81. Kh3 Rg3+ 82. Kh2 Rg7+ 83. Kh1 Ke2 84. Re1+ Kd3 85. Rd1+ Bd2 86. Kh2 e3 87. Rf1 e2 88.
Rf3+ Be3 89. Rf1 Rh7+ 90. Kg2 exf1=Q+ 91. Kg3 Rg7+ 92. Kh2 Qg2# 0-1

[Event "Late-Titled-Tuesday-Blitz-October-17-2023"]
[Site "Chess.com"]
[Date "2023.10.17"]
[Round "11"]
[White "rasmussvane"]
[Black "Nor1lsk"]
[Result "1/2-1/2"]
[WhiteElo "2954"]
[BlackElo "2739"]
[TimeControl "180+1"]
[EndTime "16:03:44 PDT"]
[Termination "Game drawn - insufficient material"]

1. Nf3 g6 2. d4 Bg7 3. g3 c5 4. c4 cxd4 5. Nxd4 Nc6 6. Nc2 Qb6 7. Nc3 Bxc3+ 8. bxc3 Qa5 9. Bd2 Nf6 10. Bg2 d6 11. O-O Be6 12. Ne3 Rc8 13. Rb1 b6 14.
a4 Ne5 15. Rb4 Qa6 16. Nd5 Bxd5 17. cxd5 O-O 18. Re1 Rc7 19. e4 Qc8 20. Bf1 Qg4 21.
Qxg4 Nfxg4 22. Be2 Nf6 23. f4 Ned7 24. Bf3 Nc5 25.
Ra1 a5 26. Rc4 Rfc8 27. Rb1 Nfd7 28. Bg4 Kf8 29. Be3 Ke8 30. Kf1 e6 31. dxe6 fxe6 32. Ke2 Ke7 33. Bxc5 Rxc5 34. Rxc5 Rxc5 35. Kd3 g5 36.
Be2 h6 37. Kd2 e5 38. fxg5 hxg5 39. Bb5 Nf6 40. Bd3 Nd7 41. h4 gxh4 42. gxh4 Rc8 43.
Rg1 Kf6 44. Rf1+ Ke7 45. Rg1 Kf6 46. h5 Rh8 47. Rg6+ Ke7 48. h6 Nf8 49. Rg7+ Kf6 50.
Rb7 Rxh6 51. Rxb6 Ke7 52. Ra6 Ne6 53. Rxa5 Nc5 54. Bc2 Rh2+ 55. Kc1 Re2 56. Ra7+ Kd8 57. Kd1 Rh2 58. a5 Kc8 59. Rg7 Rh1+ 60. Kd2 Rh2+ 61. Kc1 Re2 62. Kd1 Rh2 63. Rg6 Kc7 64. Rg7+ Kc6 65.
Rg8 Kb5 66. Rd8 Rh1+ 67. Kd2 Rh2+ 68. Kc1 Rh6 69. a6 Kxa6 70. Rb8 Ka7 71. Rb4 Rh7 72.
Kb2 Rb7 73. Ka3 Rb6 74. Rc4 Kb7 75. Rb4 Kc6 76. Rxb6+ Kxb6 77. Kb4 Kc6 78. Kc4 Kc7 79.
Kd5 Nd7 80. Kc4 Nb6+ 81. Kd3 Kc6 82. Bb3 Kc5 83. Ke3 Nd7 84. Kd3 Nb8 85. Bd5 Na6 86. Bb3 Nc7 87. Bc4 Ne8 88. Bb3 Nf6 89. Be6 Nh5 90. Kd2 Nf4 91. Bf7 Ng2 92. Bg8 Nh4 93. Bf7 Nf3+ 94. Ke3 Ng5 95. Bd5 Nh3 96. Kd2 Nf4 97.
Bf7 d5 98. exd5 Nxd5 99. Bxd5 Kxd5 100. Ke3 Kc4 101. Ke4 Kxc3 102. Kxe5 1/2-1/2

[Event "Late-Titled-Tuesday-Blitz-October-17-2023"]
[Site "Chess.com"]
[Date "2023.10.17"]
[Round "11"]
[White "Bauman_Guy"]
[Black "vugarrasulov"]
[Result "1-0"]
[WhiteElo "2911"]
[BlackElo "2963"]
[TimeControl "180+1"]
[EndTime "16:04:16 PDT"]
[Termination "Bauman_Guy won by checkmate"]

1. e4 c5 2. Nf3 Nc6 3. d4 cxd4 4. Nxd4 e5 5. Nb5 d6 6. a4 Be7 7. N1c3 a6 8. Na3 f5 9. exf5 Bxf5 10. Bc4 Nf6 11.
Bg5 Nd4 12. Bxf6 Bxf6 13. Nd5 Rc8 14. Ne3 Be4 15. c3 d5 16. Ba2 Bg5 17. O-O Bxe3 18. Qh5+ Bg6 19. Qxe5+ Qe7 20. Qxe7+ Kxe7 21. Rfe1 Nf5 22.
fxe3 Rhd8 23. Rad1 Bf7 24. Nc2 g6 25. Nb4 Kf6 26.
Bxd5 a5 27. Bxf7 axb4 28. Rxd8 Rxd8 29. e4 Kxf7 30. exf5 bxc3 31. fxg6+ hxg6 32. bxc3 Rd3 33. Rb1 Rxc3 34. Rxb7+ Kf6 35. a5 Rc1+ 36. Kf2 Rc2+ 37. Kf3 Rc3+ 38. Ke4 Ra3 39. Rb6+ Kg5 40. a6 Ra2 41.
Kf3 Ra3+ 42. Kf2 Ra2+ 43. Ke3 Kh5 44. h3 g5 45. Kf3 Ra3+ 46. Kf2 Ra2+ 47. Kg1 g4 48.
Rb5+ Kh4 49. Rb4 Rxa6 50. Rxg4+ Kh5 51. Kh2 Ra3 52. Rf4 Rb3 53. Rf3 Rb2 54. Kg3 Kg5 55.
h4+ Kh5 56. Kh3 Rb1 57. g4+ Kg6 58. Kg3 Rg1+ 59. Kf4 Ra1 60. h5+ Kh6 61. Kg3 Rg1+ 62. Kh4 Rh1+ 63. Rh3 Rg1 64. Rd3 Rh1+ 65. Kg3 Rg1+ 66.
Kf4 Rf1+ 67. Rf3 Ra1 68. Re3 Rf1+ 69. Kg3 Rg1+ 70. Kh3 Rh1+ 71. Kg2 Ra1 72. Re6+ Kg5 73. Rg6+ Kf4 74. h6 Ra2+ 75. Kf1 Kf3 76. Ke1 Ke3 77. Kd1 Kd3 78. Kc1 Kc3 79. Kb1 Rb2+ 80. Ka1 Rh2 81. g5 Kb3 82. Rb6+ Kc3 83. Kb1 Rh1+ 84. Ka2 Rh2+ 85.
Ka3 Rh1 86. Ka4 Kc4 87. Rc6+ Kd5 88. Rg6 Kc4 89. Ka5 Kc5 90. Ka6 Kd5 91. Kb7 Ke5 92. Rg7 Kf5 93. h7 Rb1+ 94. Kc7 Rc1+ 95. Kd8 Rd1+ 96. Ke8 Re1+ 97. Kf8 Ra1 98. Rf7+ Kg6 99. Kg8 Rh1 100. Rg7+ Kf5 101. h8=Q Ra1 102. Qh7+ Ke6 103. Qg6+ Ke5 104. Qf6+ Ke4 105. Re7+ Kd5 106. Kg7 Ra8 107. Qe6+ Kc5 108. Qe5+ Kc6 109. Rc7+ Kb6 110. Qc5+ Ka6 111. Rc6+ Kb7 112. Qb6# 1-0